 Dungeon Crawl Stone Soup version 0.30-a0-1160-g6e42c06551 (webtiles) character file.

Game seed: 8342521494244576234

6 Ahpoh the Trooper (level 1, 0/11 HPs)
             Began as a Vine Stalker Berserker on Apr 26, 2023.
             Was a Follower of Trog.
             Constricted to death by a ball python (1 damage)
             ... on level 1 of the Dungeon.
             The game lasted 00:01:41 (223 turns).

Ahpoh the Trooper (Vine Stalker Berserker)           Turns: 223, Time: 00:01:41

Health: 0/11       AC:  2    Str: 19    XL:     1   Next: 90%
Magic:  0/2        EV:  9    Int:  7    God:    Trog [*.....]
Gold:   10         SH:  0    Dex: 13    Spells: 0/0 levels left

rFire   . . .        a - +0 falchion
rCold   . . .        (no shield)
rNeg    . . .        b - +0 animal skin
rPois   .            (no helmet)
rElec   .            (no cloak)
rCorr   .            (no gloves)
SInv    .            (no boots)
Will    .....        (no amulet)
Stlth   +            (no ring)
HPRegen 0.21/turn    (no ring)
MPRegen 0.08/turn

%: guardian spirit
@: constricted
A: fangs 2, magic shield, antimagic bite, no potion heal 2
a: Renounce Religion, Berserk


You were on level 1 of the Dungeon.
You worshipped Trog.
Trog was aware of your devotion.
You visited 1 branch of the dungeon, and saw 1 of its levels.

You collected 10 gold pieces.

Inventory:

Hand Weapons
 a - a +0 falchion (weapon)
Armour
 b - a +0 animal skin (worn)


   Skills:
 + Level 2.9 Fighting
 + Level 2.8 Long Blades
 + Level 1.6 Armour
 + Level 1.6 Dodging


You couldn't memorise any spells.
You didn't know any spells.
Your spell library was empty.

Dungeon Overview and Level Annotations

Branches:
Dungeon (1/15)

Altars:


Innate Abilities, Weirdness & Mutations

You have extremely sharp teeth.
When hurt, damage is shared between your health and your magic reserves.
Your bite disrupts and absorbs the magic of your enemies.
Potions cannot restore your health.


Message History

You hit the frilled lizard.
You kill the frilled lizard!
Trog accepts your kill.
A ball python comes into view.
Found 4 stones.
The ball python hisses angrily.
A ball python comes into view.
A dart slug comes into view.
You closely miss the ball python.
The ball python hisses angrily.
The ball python bites you but does no damage.
The ball python barely misses you.
You barely miss the ball python. Your bite misses the ball python.
The ball python barely misses you. The ball python grabs you.
The ball python constricts you.
A rat comes into view.
You barely miss the ball python. Your bite misses the ball python.
The ball python bites you. The ball python constricts you.
The ball python barely misses you. The ball python constricts you.
The dart slug launches a dart at you. The slug dart hits you.
You escape the ball python's grasp.
The ball python attacks as you move away!
The ball python bites you.
The ball python attacks as you move away!
The ball python bites you but does no damage.
The ball python barely misses you.
You hit the ball python.
The ball python is severely wounded.
The ball python closely misses you. The ball python grabs you.
The ball python constricts you.
You escape the ball python's grasp.
The ball python bites you.
* * * LOW HITPOINT WARNING * * *
The ball python grabs you. The ball python constricts you.
You closely miss the ball python.
The ball python is severely wounded.
The ball python bites you.
* * * LOW HITPOINT WARNING * * *
The ball python barely misses you. The ball python constricts you.
You die...

#......................#....##..
#.....................##........
#....###..............##........
#....# #.†............##........
#....# #....................####
#....# #....................#
#............##....##.......#
#............##..............
..........##@S.....#####.
......#....#.S.....#
......#....###.....#
......#....# #.....# .... .....#
#...### .........(#
...w......... .r.............
...............


You could see 2 ball pythons.

Vanquished Creatures
  An endoplasm (D:1)
  3 frilled lizards (D:1)
  A kobold (D:1)
  3 rats (D:1)
8 creatures vanquished.

Notes
Turn   | Place    | Note
-------+----------+-------------------------------------------
     0 | D:1      | Ahpoh the Vine Stalker Berserker began the quest for the
                  | Orb.
     0 | D:1      | Reached XP level 1. HP: 11/11 MP: 2/2
   223 | D:1      | Constricted to death by a ball python

Illustrated notes

Levels and vault maps discovered:
D:1:      dpeg_arrival_short_road, layout_basic

Action                     || total
---------------------------++-------
  Melee: Falchion          ||    24
         Bite              ||     4
 Armour: Animal skin       ||     6
  Dodge: Dodged            ||    15

Table legend: (Time is in decaauts)
 A = Elapsed time spent in this place.
 B = Non-inter-level travel time spent in this place.
 C = Inter-level travel time spent in this place.
 D = Time resting spent in this place.
 E = Time spent auto-exploring this place.
 F = Levels seen in this place.
 G = Mean time per level.
                   A        B        C        D        E       F      G
               +--------+--------+--------+--------+--------+-----+--------+
         Total |    226 |    226 |      0 |      0 |    151 |   1 |  226.0 |
       Dungeon |    226 |    226 |      0 |      0 |    151 |   1 |  226.0 |
               +--------+--------+--------+--------+--------+-----+--------+

Top non-repeatable levels by time:
     D:1: 226 daAuts
